Nashville Predators vs St.Louis Blues
(R1)
Created - Friday, February 27, 2026 at 07:52
Goals
|
| Nashville Predators |
0 |
2 |
0 |
2 |
| St.Louis Blues |
1 |
1 |
2 |
4 |
|
Shots
|
| Nashville Predators |
3 |
17 |
10 |
30 |
| St.Louis Blues |
16 |
5 |
15 |
36 |
|
1st period
1. St.Louis Blues , Brandon Hagel 8 (Vincent Trocheck 12, Isac Lundestrom 3) at 4:49 (PP)
Penalties :
Alexey Toropchenko (NSH) for Hooking (Minor) at 4:11, Nikita Kucherov (STL) for Roughing (Minor) at 5:11, Marco Kasper (NSH) for Boarding (Double Minor) at 5:50
2nd period
2. Nashville Predators , Dmitri Voronkov 16 (Jean-Gabriel Pageau 10, Marco Kasper 13) at 1:51
3. St.Louis Blues , Logan O'Connor 5 (Jake Sanderson 16, Brandon Hagel 12) at 4:31
4. Nashville Predators , Dmitri Voronkov 17 (Jean-Gabriel Pageau 11, Jack Roslovic 18) at 5:24
Penalties :
Matthew Tkachuk (NSH) for Holding (Minor) at 10:29, Marco Kasper (NSH) for Slashing (Minor) at 18:52
3rd period
5. St.Louis Blues , Nikita Kucherov 18 (Jack Eichel 21, Brayden Point 17) at 13:41 (PP)
6. St.Louis Blues , Mark Stone 3 (Brayden Point 18, Brandon Tanev 3) at 14:33
Penalties :
Matthew Tkachuk (NSH) for High sticking (Minor) at 12:32
Goalie Stats
Thatcher Demko (NSH), 32 saves from 36 shots - (0.889), L, 4-3-1, 60:00 minutes
Connor Hellebuyck (STL), 28 saves from 30 shots - (0.933), W, 12-7-1, 60:00 minutes
Players Stats for Nashville Predators
Player Name G A P +/- PIM S H SB GA TA FO MP PP MP PK MP
------------------------------------------------------------------------------------
Alex Pietrangelo 0 0 0 -1 0 0 1 4 0 0 0/0 22:18 0:14 3:40
Alexey Toropchenko 0 0 0 -1 2 0 0 1 0 0 0/1 11:32 0:00 3:34
Brandon Montour 0 0 0 0 0 0 0 2 1 1 0/0 17:40 0:25 0:00
Dmitri Voronkov 2 0 2 2 0 6 0 2 2 0 0/0 14:28 0:14 0:00
Eetu Luostarinen 0 0 0 0 0 4 0 1 1 0 0/2 17:26 0:00 4:14
Emil Heineman 0 0 0 0 0 3 2 0 1 1 0/0 13:15 0:00 0:09
Jack Roslovic 0 1 1 2 0 4 2 0 1 0 0/0 14:29 0:14 0:00
Jean-Gabriel Pageau 0 2 2 2 0 3 1 0 0 0 9/22 18:32 0:00 3:43
John-Jason Peterka 0 0 0 -1 0 2 0 0 1 0 0/1 14:49 0:25 0:00
Jordan Spence 0 0 0 1 0 0 0 1 0 0 0/0 15:00 0:25 0:00
Marco Kasper 0 1 1 0 6 2 1 0 1 0 6/10 13:55 0:13 0:00
Matthew Tkachuk 0 0 0 -1 4 4 2 1 0 1 1/2 15:14 0:25 0:27
Pius Suter 0 0 0 -1 0 0 1 0 0 0 8/19 20:02 0:25 4:41
Rasmus Ristolainen 0 0 0 0 0 0 0 2 0 1 0/0 22:56 0:14 4:44
Ryan Graves 0 0 0 1 0 0 1 2 0 0 0/0 19:04 0:00 3:40
Simon Benoit 0 0 0 -1 0 2 1 1 0 0 0/0 23:02 0:00 4:44
Yegor Chinakhov 0 0 0 -1 0 0 2 0 0 0 0/0 7:59 0:00 0:00
Yegor Sharangovich 0 0 0 -1 0 0 0 0 0 0 2/3 8:30 0:00 0:00
Players Stats for St.Louis Blues
Player Name G A P +/- PIM S H SB GA TA FO MP PP MP PK MP
------------------------------------------------------------------------------------
Adam Pelech 0 0 0 -2 0 1 4 1 0 1 0/0 10:29 0:00 0:00
Alex Tuch 0 0 0 -2 0 1 1 0 0 0 0/1 13:30 2:12 0:00
Artem Zub 0 0 0 -2 0 0 0 0 0 0 0/0 10:53 0:00 0:14
Brandon Hagel 1 1 2 -2 0 1 0 0 1 0 0/1 13:57 2:52 0:00
Brandon Tanev 0 1 1 1 0 0 0 0 0 0 0/1 9:01 0:00 0:14
Brayden Point 0 2 2 1 0 4 1 0 1 1 4/6 19:39 5:45 0:00
Colton Parayko 0 0 0 1 0 1 2 2 0 2 0/0 22:26 0:27 0:25
Isac Lundestrom 0 1 1 1 0 1 0 0 0 1 1/3 11:48 2:52 0:25
Jaccob Slavin 0 0 0 1 0 1 2 0 0 0 0/0 18:33 0:00 0:14
Jack Eichel 0 1 1 0 0 4 0 0 0 0 3/3 22:50 5:32 0:00
Jake Guentzel 0 0 0 1 0 6 2 0 1 0 7/12 19:18 5:32 0:00
Jake Sanderson 0 1 1 1 0 2 2 1 0 1 0/0 28:31 5:45 0:25
Logan O'Connor 1 0 1 1 0 1 1 0 0 0 0/0 9:12 0:00 0:25
Mark Stone 1 0 1 1 0 1 1 1 0 1 0/1 13:44 0:00 0:00
Mikhail Sergachev 0 0 0 1 0 2 3 0 0 1 0/0 20:43 2:39 0:00
Nikita Kucherov 1 0 1 0 2 6 2 0 0 0 0/0 22:04 5:32 0:00
Robert Thomas 0 0 0 0 0 3 3 1 0 0 14/23 16:34 0:00 0:00
Vincent Trocheck 0 1 1 -2 0 1 1 0 1 0 5/9 14:47 2:52 0:14
3 Stars
1 - Dmitri Voronkov (NSH)
2 - Mark Stone (STL)
3 - Logan O'Connor (STL)
Power Play
Nashville Predators - 0 on 2 Attempt(s) - 0.00%
St.Louis Blues - 2 on 5 Attempt(s) - 40.00%
Penalty Kill
Nashville Predators - 3 on 5 Attempt(s) - 60.00%
- Score 0 goal in Penalty Kill
St.Louis Blues - 2 on 2 Attempt(s) - 100.00%
- Score 0 goal in Penalty Kill
Team Stat
Nashville Predators - Hits : 14 - Faceoff Wins : 26 - Blocked Shots : 17 - Penalty Minutes : 12
St.Louis Blues - Hits : 25 - Faceoff Wins : 34 - Blocked Shots : 6 - Penalty Minutes : 2
Official
Referees : Peter Macdougall and Kyle Rehman
Linesman : Steve Barton and Ryan Daisy
Game Notes
7:46 of 3rd period - Penalty Shot by Jake Sanderson for St.Louis Blues - Stopped by Thatcher Demko
Finance
Level 1 -- Attendance: 6000 (100.00%) -- Ticket Income $570,000
Level 2 -- Attendance: 4013 (80.26%) -- Ticket Income $228,741
Level 3 -- Attendance: 2820 (94.00%) -- Ticket Income $93,060
Level 4 -- Attendance: 4805 (96.10%) -- Ticket Income $110,515
Luxury Box -- Attendance: 825 (82.50%) -- Ticket Income $160,050
Game was played at the Scottrade Center.
Total Attendance: 18463 (92.32%)
Total Ticket Income: $1,162,366
Other Income: $406,828
Total Income: $1,569,194
Nashville Predators
5 vs 5 Forward
Center Left Wing Right Wing Time % Phy DF OF
1 Pius Suter Matthew Tkachuk John-Jason Peterka 30 1 2 2
2 Jean-Gabriel Pageau Dmitri Voronkov Jack Roslovic 30 1 2 2
3 Marco Kasper Emil Heineman Eetu Luostarinen 27 1 2 2
4 Yegor Sharangovich Alexey Toropchenko Yegor Chinakhov 13 1 2 2
5 vs 5 Defense
Defense Defense Time % Phy DF OF
1 Alex Pietrangelo Simon Benoit 35 1 2 2
2 Rasmus Ristolainen Brandon Montour 35 1 2 2
3 Jordan Spence Ryan Graves 30 1 2 2
4 Brandon Montour Simon Benoit 0 1 2 2
PowerPlay Forward
Center Left Wing Right Wing Time % Phy DF OF
1 Pius Suter Matthew Tkachuk John-Jason Peterka 50 0 2 3
2 Marco Kasper Dmitri Voronkov Jack Roslovic 50 1 2 2
PowerPlay Defense
Defense Defense Time % Phy DF OF
1 Brandon Montour Jordan Spence 50 1 2 2
2 Alex Pietrangelo Rasmus Ristolainen 50 1 2 2
Penalty Kill 4 Players Forward
Center Wing Time % Phy DF OF
1 Pius Suter Eetu Luostarinen 50 1 2 2
2 Jean-Gabriel Pageau Alexey Toropchenko 50 1 2 2
Penalty Kill 4 Players Defense
Defense Defense Time % Phy DF OF
1 Simon Benoit Rasmus Ristolainen 50 1 2 2
2 Alex Pietrangelo Ryan Graves 50 1 2 2
Penalty Kill - 3 Players Forward
Forward Time % Phy DF OF
1 Pius Suter 50 1 2 2
2 Jean-Gabriel Pageau 50 1 2 2
Penalty Kill - 3 Players Defense
Defense Defense Time % Phy DF OF
1 Simon Benoit Rasmus Ristolainen 50 1 2 2
2 Alex Pietrangelo Ryan Graves 50 1 2 2
4 vs 4 Forward
Center Wing Time % Phy DF OF
1 Pius Suter Matthew Tkachuk 50 1 2 2
2 Jean-Gabriel Pageau John-Jason Peterka 50 1 2 2
4 vs 4 Defense
Defense Defense Time % Phy DF OF
1 Rasmus Ristolainen Simon Benoit 50 1 2 2
2 Alex Pietrangelo Ryan Graves 50 1 2 2
Last Minutes Offensive
Center Left Wing Right Wing Defense Defense
Pius Suter Matthew Tkachuk John-Jason Peterka Brandon Montour Jordan Spence
Last Minutes Defensive
Center Left Wing Right Wing Defense Defense
Jean-Gabriel Pageau Pius Suter Eetu Luostarinen Simon Benoit Rasmus Ristolainen
Goaltenders
Starting : Thatcher Demko
Backup : Anthony Stolarz
Extra Forwards
Normal : Jack Roslovic, Marco Kasper, Dmitri Voronkov - PP : Marco Kasper, Yegor Chinakhov - PK : Emil Heineman
Extra Defensemen
Normal : Brandon Montour, Jordan Spence, Alex Pietrangelo - PP : Rasmus Ristolainen - PK : Brandon Montour, Jordan Spence
Penalty Shots
John-Jason Peterka, Jean-Gabriel Pageau, Pius Suter, Dmitri Voronkov, Eetu Luostarinen
Scratches
Dante Fabbro (Healthy), Parker Wotherspoon (Healthy), Cayden Primeau (Healthy), Henrik Tikkanen (Healthy), Mads Sogaard (Healthy)
St.Louis Blues
5 vs 5 Forward
Center Left Wing Right Wing Time % Phy DF OF
1 Robert Thomas Jack Eichel Nikita Kucherov 40 0 2 3
2 Brayden Point Jake Guentzel Mark Stone 30 0 2 3
3 Vincent Trocheck Brandon Hagel Alex Tuch 25 1 2 2
4 Isac Lundestrom Brandon Tanev Logan O'Connor 5 1 3 1
5 vs 5 Defense
Defense Defense Time % Phy DF OF
1 Jake Sanderson Colton Parayko 45 0 3 2
2 Mikhail Sergachev Jaccob Slavin 35 0 3 2
3 Artem Zub Adam Pelech 20 1 2 2
4 Jake Sanderson Colton Parayko 0 0 3 2
PowerPlay Forward
Center Left Wing Right Wing Time % Phy DF OF
1 Jake Guentzel Jack Eichel Nikita Kucherov 60 0 0 5
2 Vincent Trocheck Brandon Hagel Isac Lundestrom 40 0 0 5
PowerPlay Defense
Defense Defense Time % Phy DF OF
1 Brayden Point Jake Sanderson 60 0 0 5
2 Alex Tuch Mikhail Sergachev 40 0 0 5
Penalty Kill 4 Players Forward
Center Wing Time % Phy DF OF
1 Vincent Trocheck Brandon Tanev 50 0 5 0
2 Isac Lundestrom Logan O'Connor 50 0 5 0
Penalty Kill 4 Players Defense
Defense Defense Time % Phy DF OF
1 Colton Parayko Jake Sanderson 50 1 4 0
2 Jaccob Slavin Artem Zub 50 1 4 0
Penalty Kill - 3 Players Forward
Forward Time % Phy DF OF
1 Vincent Trocheck 50 0 5 0
2 Isac Lundestrom 50 0 5 0
Penalty Kill - 3 Players Defense
Defense Defense Time % Phy DF OF
1 Colton Parayko Mikhail Sergachev 50 0 5 0
2 Jaccob Slavin Artem Zub 50 0 5 0
4 vs 4 Forward
Center Wing Time % Phy DF OF
1 Jack Eichel Nikita Kucherov 50 0 2 3
2 Vincent Trocheck Brayden Point 50 0 2 3
4 vs 4 Defense
Defense Defense Time % Phy DF OF
1 Jake Sanderson Jaccob Slavin 50 0 3 2
2 Mikhail Sergachev Colton Parayko 50 0 3 2
Last Minutes Offensive
Center Left Wing Right Wing Defense Defense
Robert Thomas Jack Eichel Nikita Kucherov Brayden Point Jake Sanderson
Last Minutes Defensive
Center Left Wing Right Wing Defense Defense
Vincent Trocheck Isac Lundestrom Brandon Tanev Jaccob Slavin Colton Parayko
Goaltenders
Starting : Connor Hellebuyck
Backup : Scott Wedgewood
Extra Forwards
Normal : Jake Guentzel, Alex Tuch, Mark Stone - PP : Nikita Kucherov, Mark Stone - PK : Nikita Kucherov
Extra Defensemen
Normal : Mikhail Sergachev, Jaccob Slavin, Artem Zub - PP : Colton Parayko - PK : Artem Zub, Mikhail Sergachev
Penalty Shots
Alex Tuch, Brayden Point, Jake Guentzel, Jack Eichel, Nikita Kucherov
Scratches
Matthew Seminoff (Healthy), Connor Clifton (Healthy), Joona Koppanen (Healthy), Will Cranley (Healthy)
% Time on Ice - Nashville Predators
Lines # - Real PCT - Wanted PCT - Time Play
Normal Forward
1 - 28% - 30% - 13:57
2 - 29% - 30% - 14:35
3 - 26% - 27% - 13:06
4 - 16% - 13% - 7:59
Normal Defense
1 - 35% - 35% - 17:19
2 - 36% - 35% - 17:43
3 - 29% - 30% - 14:35
4 - 0% - 0% - 0:00
PP Forward
1 - 64% - 50% - 0:25
2 - 36% - 50% - 0:14
PP Defense
1 - 64% - 50% - 0:25
2 - 36% - 50% - 0:14
PK Forward
1 - 56% - 50% - 4:41
2 - 44% - 50% - 3:43
PK Defense
1 - 56% - 50% - 4:44
2 - 44% - 50% - 3:40
PK3 Forward
1 - 0% - 50%
2 - 0% - 50%
PK3 Defense
1 - 0% - 50%
2 - 0% - 50%
44 Forward
1 - 50% - 50% - 0:40
2 - 50% - 50% - 0:40
44 Defense
1 - 74% - 50% - 0:59
2 - 26% - 50% - 0:21
Last Minute Offensive - 0:00
Last Minute Defensive - 0:00
Total
Forward - 60:00
Defense - 60:00
|
% Time on Ice - St.Louis Blues
Lines # - Real PCT - Wanted PCT - Time Play
Normal Forward
1 - 34% - 40% - 16:56
2 - 26% - 30% - 13:06
3 - 22% - 25% - 10:48
4 - 18% - 5% - 8:47
Normal Defense
1 - 43% - 45% - 21:24
2 - 36% - 35% - 17:44
3 - 21% - 20% - 10:29
4 - 0% - 0% - 0:00
PP Forward
1 - 66% - 60% - 5:32
2 - 34% - 40% - 2:52
PP Defense
1 - 68% - 60% - 5:45
2 - 32% - 40% - 2:39
PK Forward
1 - 36% - 50% - 0:14
2 - 64% - 50% - 0:25
PK Defense
1 - 64% - 50% - 0:25
2 - 36% - 50% - 0:14
PK3 Forward
1 - 0% - 50%
2 - 0% - 50%
PK3 Defense
1 - 0% - 50%
2 - 0% - 50%
44 Forward
1 - 55% - 50% - 0:44
2 - 45% - 50% - 0:36
44 Defense
1 - 59% - 50% - 0:47
2 - 41% - 50% - 0:33
Last Minute Offensive - 0:00
Last Minute Defensive - 0:00
Total
Forward - 60:00
Defense - 60:00
|
Play-by-Play
1st period
0:01 of 1st period - Robert Thomas wins face-off versus Pius Suter in neutral zone.
0:14 of 1st period - Wrist shot by Jack Eichel.
0:14 of 1st period - Shot Blocked by Alex Pietrangelo.
0:16 of 1st period - Slapshot by Colton Parayko.
0:16 of 1st period - Shot Blocked by Alex Pietrangelo.
0:37 of 1st period - Snap shot by Jake Guentzel.
0:37 of 1st period - Stopped by Thatcher Demko without a rebound.
0:38 of 1st period - Marco Kasper wins face-off versus Brandon Hagel in Nashville Predators zone.
0:38 of 1st period - Marco Kasper is hit by Adam Pelech.
1:13 of 1st period - Snap shot by Yegor Chinakhov.
1:13 of 1st period - Shot Misses the Net.
1:15 of 1st period - Snap shot by Alexey Toropchenko.
1:15 of 1st period - Shot Blocked by Adam Pelech.
1:37 of 1st period - Wrist shot by Jake Guentzel.
1:37 of 1st period - Stopped by Thatcher Demko without a rebound.
1:38 of 1st period - Pius Suter wins face-off versus Isac Lundestrom in Nashville Predators zone.
1:53 of 1st period - Snap shot by Matthew Tkachuk.
1:53 of 1st period - Stopped by Connor Hellebuyck with a rebound.
2:03 of 1st period - Eetu Luostarinen is hit by Vincent Trocheck and loses puck.
2:12 of 1st period - Snap shot by Brandon Hagel.
2:12 of 1st period - Shot Misses the Net.
2:28 of 1st period - Robert Thomas is hit by Simon Benoit and loses puck.
2:35 of 1st period - Slapshot by Yegor Sharangovich.
2:35 of 1st period - Shot Misses the Net.
4:01 of 1st period - Snap shot by Robert Thomas.
4:01 of 1st period - Stopped by Thatcher Demko with a rebound.
4:11 of 1st period - Minor Penalty to Alexey Toropchenko for Hooking.
4:12 of 1st period - Pius Suter wins face-off versus Jake Guentzel in Nashville Predators zone.
4:30 of 1st period - Rasmus Ristolainen is hit by Jake Guentzel and loses puck.
4:47 of 1st period - Snap shot by Brandon Hagel.
4:47 of 1st period - Shot Misses the Net.
4:49 of 1st period - Snap shot by Brandon Hagel.
4:49 of 1st period - Goal by Brandon Hagel - Nashville Predators : 0 - St.Louis Blues : 1.
4:50 of 1st period - Pius Suter wins face-off versus Robert Thomas in neutral zone.
4:55 of 1st period - John-Jason Peterka is hit by Robert Thomas.
5:11 of 1st period - Minor Penalty to Nikita Kucherov for Roughing.
5:12 of 1st period - Vincent Trocheck wins face-off versus Pius Suter in St.Louis Blues zone.
5:20 of 1st period - Off-side.
5:21 of 1st period - Pius Suter wins face-off versus Isac Lundestrom in neutral zone.
5:24 of 1st period - Logan O'Connor is hit by Pius Suter and loses puck.
5:36 of 1st period - Wrist shot by Matthew Tkachuk.
5:36 of 1st period - Stopped by Connor Hellebuyck without a rebound.
5:37 of 1st period - Marco Kasper wins face-off versus Vincent Trocheck in St.Louis Blues zone.
5:50 of 1st period - Double Minor Penalty to Marco Kasper for Boarding.
5:51 of 1st period - Jack Eichel wins face-off versus Pius Suter in Nashville Predators zone.
5:54 of 1st period - Snap shot by Jake Guentzel.
5:54 of 1st period - Stopped by Thatcher Demko without a rebound.
5:55 of 1st period - Jack Eichel wins face-off versus Pius Suter in Nashville Predators zone.
6:53 of 1st period - Icing by Colton Parayko.
6:54 of 1st period - Vincent Trocheck wins face-off versus Jean-Gabriel Pageau in St.Louis Blues zone.
6:59 of 1st period - Snap shot by Vincent Trocheck.
6:59 of 1st period - Shot Misses the Net.
7:11 of 1st period - Penalty to Nikita Kucherov is over, Nikita Kucherov is back on ice.
7:25 of 1st period - Snap shot by Nikita Kucherov.
7:25 of 1st period - Shot Blocked by Ryan Graves.
7:35 of 1st period - Wrist shot by Jake Guentzel.
7:35 of 1st period - Shot Misses the Net.
7:37 of 1st period - Wrist shot by Jack Eichel.
7:37 of 1st period - Stopped by Thatcher Demko without a rebound.
7:38 of 1st period - Vincent Trocheck wins face-off versus Jean-Gabriel Pageau in Nashville Predators zone.
7:45 of 1st period - Snap shot by Vincent Trocheck.
7:45 of 1st period - Shot Misses the Net.
7:47 of 1st period - Wrist shot by Jake Sanderson.
7:47 of 1st period - Shot Blocked by Alexey Toropchenko.
7:49 of 1st period - Snap shot by Jake Sanderson.
7:49 of 1st period - Shot Blocked by Rasmus Ristolainen.
7:51 of 1st period - Slapshot by Isac Lundestrom.
7:51 of 1st period - Shot Misses the Net.
7:53 of 1st period - Snap shot by Isac Lundestrom.
7:53 of 1st period - Stopped by Thatcher Demko without a rebound.
7:54 of 1st period - Jean-Gabriel Pageau wins face-off versus Jake Guentzel in Nashville Predators zone.
8:04 of 1st period - Icing by Brayden Point.
8:05 of 1st period - Jake Guentzel wins face-off versus Alexey Toropchenko in St.Louis Blues zone.
8:09 of 1st period - Off-side.
8:10 of 1st period - Jean-Gabriel Pageau wins face-off versus Jake Guentzel in neutral zone.
8:24 of 1st period - Wrist shot by Jack Eichel.
8:24 of 1st period - Shot Blocked by Alex Pietrangelo.
9:50 of 1st period - Penalty to Marco Kasper is over, Marco Kasper is back on ice.
10:00 of 1st period - Slapshot by Adam Pelech.
10:00 of 1st period - Shot Misses the Net.
10:02 of 1st period - Slapshot by Adam Pelech.
10:02 of 1st period - Shot Blocked by Dmitri Voronkov.
10:04 of 1st period - Slapshot by Adam Pelech.
10:04 of 1st period - Stopped by Thatcher Demko without a rebound.
10:05 of 1st period - Pius Suter wins face-off versus Mark Stone in Nashville Predators zone.
10:56 of 1st period - Snap shot by Brandon Hagel.
10:56 of 1st period - Shot Misses the Net.
10:58 of 1st period - Snap shot by Alex Tuch.
10:58 of 1st period - Stopped by Thatcher Demko with a rebound.
12:09 of 1st period - Rasmus Ristolainen is hit by Robert Thomas and loses puck.
12:26 of 1st period - Snap shot by Jean-Gabriel Pageau.
12:26 of 1st period - Shot Misses the Net.
12:55 of 1st period - Wrist shot by Eetu Luostarinen.
12:55 of 1st period - Stopped by Connor Hellebuyck without a rebound.
12:56 of 1st period - Robert Thomas wins face-off versus Pius Suter in St.Louis Blues zone.
13:07 of 1st period - Snap shot by Robert Thomas.
13:07 of 1st period - Stopped by Thatcher Demko with a rebound.
13:09 of 1st period - Slapshot by Jake Sanderson.
13:09 of 1st period - Shot Misses the Net.
13:11 of 1st period - Slapshot by Jake Sanderson.
13:11 of 1st period - Deflect By Nikita Kucherov.
13:11 of 1st period - Stopped by Thatcher Demko without a rebound.
13:12 of 1st period - Jean-Gabriel Pageau wins face-off versus Brayden Point in Nashville Predators zone.
13:25 of 1st period - Slapshot by Brayden Point.
13:25 of 1st period - Stopped by Thatcher Demko with a rebound.
13:27 of 1st period - Snap shot by Colton Parayko.
13:27 of 1st period - Stopped by Thatcher Demko without a rebound.
13:28 of 1st period - Robert Thomas wins face-off versus John-Jason Peterka in Nashville Predators zone.
13:41 of 1st period - Wrist shot by Jack Eichel.
13:41 of 1st period - Stopped by Thatcher Demko with a rebound.
13:45 of 1st period - Snap shot by Robert Thomas.
13:45 of 1st period - Stopped by Thatcher Demko with a rebound.
13:55 of 1st period - Rasmus Ristolainen is hit by Mark Stone and loses puck.
14:04 of 1st period - Slapshot by Jake Guentzel.
14:04 of 1st period - Stopped by Thatcher Demko with a rebound.
14:32 of 1st period - Alex Tuch is hit by Emil Heineman.
14:57 of 1st period - Yegor Chinakhov is hit by Jake Sanderson and loses puck.
16:53 of 1st period - Snap shot by Matthew Tkachuk.
16:53 of 1st period - Shot Misses the Net.
16:59 of 1st period - Simon Benoit is hit by Adam Pelech and loses puck.
17:32 of 1st period - Snap shot by Eetu Luostarinen.
17:32 of 1st period - Shot Misses the Net.
17:38 of 1st period - Nikita Kucherov is hit by Emil Heineman and loses puck.
17:45 of 1st period - Marco Kasper is hit by Robert Thomas and loses puck.
17:58 of 1st period - Simon Benoit is hit by Mikhail Sergachev.
18:09 of 1st period - Snap shot by Brayden Point.
18:09 of 1st period - Shot Blocked by Rasmus Ristolainen.
19:31 of 1st period - Nikita Kucherov is hit by Yegor Chinakhov and loses puck.
19:40 of 1st period - Simon Benoit is hit by Mikhail Sergachev.
Goals for this period are 0 for Nashville Predators vs 1 for St.Louis Blues.
Shots for this period are 3 for Nashville Predators vs 16 for St.Louis Blues.
2nd period
0:01 of 2nd period - Jean-Gabriel Pageau wins face-off versus Robert Thomas in neutral zone.
0:06 of 2nd period - Wrist shot by Jean-Gabriel Pageau.
0:06 of 2nd period - Shot Blocked by Jake Sanderson.
0:08 of 2nd period - Wrist shot by Dmitri Voronkov.
0:08 of 2nd period - Stopped by Connor Hellebuyck without a rebound.
0:09 of 2nd period - Robert Thomas wins face-off versus Jean-Gabriel Pageau in St.Louis Blues zone.
0:36 of 2nd period - Wrist shot by Jean-Gabriel Pageau.
0:36 of 2nd period - Shot Hit the Post.
0:38 of 2nd period - Slapshot by Dmitri Voronkov.
0:38 of 2nd period - Stopped by Connor Hellebuyck without a rebound.
0:39 of 2nd period - Brayden Point wins face-off versus Pius Suter in St.Louis Blues zone.
0:52 of 2nd period - John-Jason Peterka is hit by Jaccob Slavin and loses puck.
1:29 of 2nd period - Snap shot by Eetu Luostarinen.
1:29 of 2nd period - Stopped by Connor Hellebuyck with a rebound.
1:37 of 2nd period - Snap shot by Nikita Kucherov.
1:37 of 2nd period - Stopped by Thatcher Demko with a rebound.
1:51 of 2nd period - Wrist shot by Dmitri Voronkov.
1:51 of 2nd period - Goal by Dmitri Voronkov - Nashville Predators : 1 - St.Louis Blues : 1.
1:52 of 2nd period - Jean-Gabriel Pageau wins face-off versus Robert Thomas in neutral zone.
2:08 of 2nd period - Wrist shot by Jean-Gabriel Pageau.
2:08 of 2nd period - Stopped by Connor Hellebuyck without a rebound.
2:09 of 2nd period - Brayden Point wins face-off versus Eetu Luostarinen in St.Louis Blues zone.
2:43 of 2nd period - Slapshot by John-Jason Peterka.
2:43 of 2nd period - Stopped by Connor Hellebuyck without a rebound.
2:44 of 2nd period - Robert Thomas wins face-off versus Jean-Gabriel Pageau in St.Louis Blues zone.
3:11 of 2nd period - Jake Guentzel is hit by Alex Pietrangelo.
3:17 of 2nd period - Wrist shot by Matthew Tkachuk.
3:17 of 2nd period - Stopped by Connor Hellebuyck without a rebound.
3:18 of 2nd period - Brayden Point wins face-off versus Matthew Tkachuk in St.Louis Blues zone.
4:29 of 2nd period - Slapshot by Jake Sanderson.
4:29 of 2nd period - Shot Misses the Net.
4:31 of 2nd period - Wrist shot by Logan O'Connor.
4:31 of 2nd period - Goal by Logan O'Connor - Nashville Predators : 1 - St.Louis Blues : 2.
4:32 of 2nd period - Marco Kasper wins face-off versus Robert Thomas in neutral zone.
5:22 of 2nd period - Slapshot by Jean-Gabriel Pageau.
5:22 of 2nd period - Shot Misses the Net.
5:24 of 2nd period - Snap shot by Dmitri Voronkov.
5:24 of 2nd period - Goal by Dmitri Voronkov - Nashville Predators : 2 - St.Louis Blues : 2.
5:25 of 2nd period - Robert Thomas wins face-off versus Marco Kasper in neutral zone.
5:58 of 2nd period - Snap shot by Brayden Point.
5:58 of 2nd period - Stopped by Thatcher Demko with a rebound.
6:12 of 2nd period - Wrist shot by Jack Roslovic.
6:12 of 2nd period - Stopped by Connor Hellebuyck with a rebound.
6:14 of 2nd period - Slapshot by Simon Benoit.
6:14 of 2nd period - Stopped by Connor Hellebuyck without a rebound.
6:15 of 2nd period - Matthew Tkachuk wins face-off versus Vincent Trocheck in St.Louis Blues zone.
6:42 of 2nd period - Eetu Luostarinen is hit by Nikita Kucherov and loses puck.
7:13 of 2nd period - Jean-Gabriel Pageau is hit by Adam Pelech and loses puck.
7:33 of 2nd period - Artem Zub is hit by Yegor Chinakhov and loses puck.
8:07 of 2nd period - Snap shot by Marco Kasper.
8:07 of 2nd period - Stopped by Connor Hellebuyck with a rebound.
8:09 of 2nd period - Snap shot by Emil Heineman.
8:09 of 2nd period - Shot Blocked by Robert Thomas.
8:11 of 2nd period - Wrist shot by Emil Heineman.
8:11 of 2nd period - Stopped by Connor Hellebuyck without a rebound.
8:12 of 2nd period - Robert Thomas wins face-off versus Jean-Gabriel Pageau in St.Louis Blues zone.
8:25 of 2nd period - Backhand shot by Nikita Kucherov.
8:25 of 2nd period - Stopped by Thatcher Demko with a rebound.
8:27 of 2nd period - Wrist shot by Nikita Kucherov.
8:27 of 2nd period - Shot Blocked by Dmitri Voronkov.
8:29 of 2nd period - Wrist shot by Nikita Kucherov.
8:29 of 2nd period - Stopped by Thatcher Demko with a rebound.
8:39 of 2nd period - Alex Pietrangelo is hit by Jake Sanderson and loses puck.
9:08 of 2nd period - Simon Benoit is hit by Alex Tuch and loses puck.
9:29 of 2nd period - Alex Pietrangelo is hit by Logan O'Connor and loses puck.
9:53 of 2nd period - Brandon Montour is hit by Adam Pelech and loses puck.
10:14 of 2nd period - Icing by Pius Suter.
10:15 of 2nd period - Vincent Trocheck wins face-off versus Pius Suter in Nashville Predators zone.
10:18 of 2nd period - Wrist shot by Alex Tuch.
10:18 of 2nd period - Shot Blocked by Matthew Tkachuk.
10:29 of 2nd period - Minor Penalty to Matthew Tkachuk for Holding.
10:30 of 2nd period - Jake Guentzel wins face-off versus Jean-Gabriel Pageau in Nashville Predators zone.
10:30 of 2nd period - Wrist shot by Nikita Kucherov.
10:30 of 2nd period - Shot Blocked by Ryan Graves.
10:32 of 2nd period - Snap shot by Jake Sanderson.
10:32 of 2nd period - Deflect By Nikita Kucherov.
10:32 of 2nd period - Shot Misses the Net.
10:32 of 2nd period - Puck is out of play.
10:33 of 2nd period - Jake Guentzel wins face-off versus Jean-Gabriel Pageau in Nashville Predators zone.
11:06 of 2nd period - Wrist shot by Vincent Trocheck.
11:06 of 2nd period - Shot Misses the Net.
12:29 of 2nd period - Penalty to Matthew Tkachuk is over, Matthew Tkachuk is back on ice.
12:41 of 2nd period - Ryan Graves is hit by Brayden Point.
13:57 of 2nd period - Adam Pelech is hit by Matthew Tkachuk and loses puck.
14:10 of 2nd period - Alex Tuch is hit by Marco Kasper and loses puck.
14:15 of 2nd period - Backhand shot by Eetu Luostarinen.
14:15 of 2nd period - Shot Misses the Net.
14:25 of 2nd period - Dmitri Voronkov is hit by Colton Parayko and loses puck.
15:31 of 2nd period - Logan O'Connor is hit by Jean-Gabriel Pageau and loses puck.
15:56 of 2nd period - Slapshot by Brayden Point.
15:56 of 2nd period - Shot Misses the Net.
16:00 of 2nd period - Snap shot by Mark Stone.
16:00 of 2nd period - Shot Misses the Net.
16:14 of 2nd period - Snap shot by Emil Heineman.
16:14 of 2nd period - Stopped by Connor Hellebuyck without a rebound.
16:15 of 2nd period - Robert Thomas wins face-off versus Marco Kasper in St.Louis Blues zone.
16:49 of 2nd period - Snap shot by Dmitri Voronkov.
16:49 of 2nd period - Stopped by Connor Hellebuyck with a rebound.
17:09 of 2nd period - Snap shot by John-Jason Peterka.
17:09 of 2nd period - Stopped by Connor Hellebuyck with a rebound.
17:11 of 2nd period - Wrist shot by Matthew Tkachuk.
17:11 of 2nd period - Stopped by Connor Hellebuyck without a rebound.
17:12 of 2nd period - Robert Thomas wins face-off versus Pius Suter in St.Louis Blues zone.
17:36 of 2nd period - Icing by Ryan Graves.
17:37 of 2nd period - Brayden Point wins face-off versus Jean-Gabriel Pageau in Nashville Predators zone.
18:31 of 2nd period - Icing by Emil Heineman.
18:32 of 2nd period - Marco Kasper wins face-off versus Brayden Point in Nashville Predators zone.
18:41 of 2nd period - Snap shot by Emil Heineman.
18:41 of 2nd period - Shot Blocked by Colton Parayko.
18:52 of 2nd period - Minor Penalty to Marco Kasper for Slashing.
18:53 of 2nd period - Pius Suter wins face-off versus Jake Guentzel in Nashville Predators zone.
19:25 of 2nd period - Snap shot by Vincent Trocheck.
19:25 of 2nd period - Shot Misses the Net.
19:39 of 2nd period - Snap shot by Simon Benoit.
19:39 of 2nd period - Stopped by Connor Hellebuyck with a rebound.
19:41 of 2nd period - Snap shot by Alexey Toropchenko.
19:41 of 2nd period - Shot Misses the Net.
Goals for this period are 2 for Nashville Predators vs 1 for St.Louis Blues.
Shots for this period are 17 for Nashville Predators vs 5 for St.Louis Blues.
3rd period
0:01 of 3rd period - Jake Guentzel wins face-off versus Jean-Gabriel Pageau in neutral zone.
0:04 of 3rd period - Slapshot by Brayden Point.
0:04 of 3rd period - Stopped by Thatcher Demko with a rebound.
0:06 of 3rd period - Slapshot by Brayden Point.
0:06 of 3rd period - Stopped by Thatcher Demko with a rebound.
0:08 of 3rd period - Slapshot by Jake Sanderson.
0:08 of 3rd period - Deflect By Nikita Kucherov.
0:08 of 3rd period - Shot Blocked by Alex Pietrangelo.
0:08 of 3rd period - Puck is out of play.
0:09 of 3rd period - Jack Eichel wins face-off versus Jean-Gabriel Pageau in Nashville Predators zone.
0:20 of 3rd period - Backhand shot by Jack Eichel.
0:20 of 3rd period - Stopped by Thatcher Demko without a rebound.
0:21 of 3rd period - Jake Guentzel wins face-off versus Pius Suter in Nashville Predators zone.
0:52 of 3rd period - Penalty to Marco Kasper is over, Marco Kasper is back on ice.
1:17 of 3rd period - Off-side.
1:18 of 3rd period - Yegor Sharangovich wins face-off versus Brandon Tanev in neutral zone.
1:52 of 3rd period - Snap shot by Brandon Tanev.
1:52 of 3rd period - Shot Blocked by Simon Benoit.
2:02 of 3rd period - Snap shot by Logan O'Connor.
2:02 of 3rd period - Shot Misses the Net.
2:04 of 3rd period - Snap shot by Mikhail Sergachev.
2:04 of 3rd period - Stopped by Thatcher Demko with a rebound.
2:08 of 3rd period - Snap shot by Logan O'Connor.
2:08 of 3rd period - Shot Misses the Net.
2:10 of 3rd period - Snap shot by Jaccob Slavin.
2:10 of 3rd period - Stopped by Thatcher Demko without a rebound.
2:11 of 3rd period - Jean-Gabriel Pageau wins face-off versus Robert Thomas in Nashville Predators zone.
2:26 of 3rd period - Slapshot by Dmitri Voronkov.
2:26 of 3rd period - Stopped by Connor Hellebuyck without a rebound.
2:27 of 3rd period - Marco Kasper wins face-off versus Vincent Trocheck in St.Louis Blues zone.
2:28 of 3rd period - Snap shot by Eetu Luostarinen.
2:28 of 3rd period - Shot Hit the Post.
2:52 of 3rd period - Jake Sanderson is hit by Jack Roslovic and loses puck.
3:36 of 3rd period - Pius Suter is hit by Jaccob Slavin and loses puck.
4:27 of 3rd period - Wrist shot by Jack Eichel.
4:27 of 3rd period - Stopped by Thatcher Demko with a rebound.
4:33 of 3rd period - Jean-Gabriel Pageau is hit by Mikhail Sergachev and loses puck.
4:52 of 3rd period - Snap shot by Brayden Point.
4:52 of 3rd period - Shot Misses the Net.
4:54 of 3rd period - Slapshot by Mikhail Sergachev.
4:54 of 3rd period - Shot Blocked by Jordan Spence.
4:56 of 3rd period - Slapshot by Mikhail Sergachev.
4:56 of 3rd period - Stopped by Thatcher Demko with a rebound.
5:00 of 3rd period - Snap shot by Jake Guentzel.
5:00 of 3rd period - Stopped by Thatcher Demko with a rebound.
5:54 of 3rd period - Wrist shot by Robert Thomas.
5:54 of 3rd period - Shot Blocked by Brandon Montour.
5:56 of 3rd period - Slapshot by Robert Thomas.
5:56 of 3rd period - Shot Misses the Net.
6:10 of 3rd period - Wrist shot by Emil Heineman.
6:10 of 3rd period - Stopped by Connor Hellebuyck without a rebound.
6:11 of 3rd period - Marco Kasper wins face-off versus Jake Guentzel in St.Louis Blues zone.
6:27 of 3rd period - Wrist shot by Jake Guentzel.
6:27 of 3rd period - Stopped by Thatcher Demko with a rebound.
6:29 of 3rd period - Snap shot by Brayden Point.
6:29 of 3rd period - Shot Blocked by Eetu Luostarinen.
6:41 of 3rd period - Simon Benoit is hit by Colton Parayko.
6:51 of 3rd period - Alex Pietrangelo is hit by Jake Guentzel and loses puck.
7:05 of 3rd period - Icing by Emil Heineman.
7:06 of 3rd period - Robert Thomas wins face-off versus Marco Kasper in Nashville Predators zone.
7:41 of 3rd period - Wrist shot by Jack Roslovic.
7:41 of 3rd period - Stopped by Connor Hellebuyck with a rebound.
7:43 of 3rd period - Slapshot by Jack Roslovic.
7:43 of 3rd period - Stopped by Connor Hellebuyck without a rebound.
7:44 of 3rd period - Robert Thomas wins face-off versus Pius Suter in St.Louis Blues zone.
7:46 of 3rd period - Penalty Shot by Jake Sanderson for St.Louis Blues.
7:46 of 3rd period - Deke by Jake Sanderson.
7:46 of 3rd period - Stopped by Thatcher Demko.
7:47 of 3rd period - Jean-Gabriel Pageau wins face-off versus Robert Thomas in St.Louis Blues zone.
7:49 of 3rd period - Wrist shot by Dmitri Voronkov.
7:49 of 3rd period - Deflect By Jean-Gabriel Pageau.
7:49 of 3rd period - Stopped by Connor Hellebuyck without a rebound.
7:50 of 3rd period - Jean-Gabriel Pageau wins face-off versus Robert Thomas in St.Louis Blues zone.
7:53 of 3rd period - Wrist shot by Jean-Gabriel Pageau.
7:53 of 3rd period - Stopped by Connor Hellebuyck without a rebound.
7:54 of 3rd period - Robert Thomas wins face-off versus Jean-Gabriel Pageau in St.Louis Blues zone.
8:00 of 3rd period - Icing by Colton Parayko.
8:01 of 3rd period - Robert Thomas wins face-off versus Jean-Gabriel Pageau in St.Louis Blues zone.
8:06 of 3rd period - Slapshot by Jake Sanderson.
8:06 of 3rd period - Stopped by Thatcher Demko with a rebound.
9:09 of 3rd period - Off-side.
9:10 of 3rd period - Isac Lundestrom wins face-off versus Yegor Sharangovich in neutral zone.
9:35 of 3rd period - Jaccob Slavin is hit by Matthew Tkachuk.
10:23 of 3rd period - Slapshot by Vincent Trocheck.
10:23 of 3rd period - Shot Misses the Net.
10:49 of 3rd period - Wrist shot by Yegor Chinakhov.
10:49 of 3rd period - Shot Blocked by Mark Stone.
10:51 of 3rd period - Wrist shot by Yegor Chinakhov.
10:51 of 3rd period - Shot Misses the Net.
11:11 of 3rd period - Snap shot by Matthew Tkachuk.
11:11 of 3rd period - Shot Misses the Net.
11:31 of 3rd period - Slapshot by Vincent Trocheck.
11:31 of 3rd period - Shot Misses the Net.
12:32 of 3rd period - Minor Penalty to Matthew Tkachuk for High sticking.
12:33 of 3rd period - Jake Guentzel wins face-off versus Eetu Luostarinen in Nashville Predators zone.
12:41 of 3rd period - Backhand shot by Nikita Kucherov.
12:41 of 3rd period - Stopped by Thatcher Demko without a rebound.
12:42 of 3rd period - Jake Guentzel wins face-off versus Pius Suter in Nashville Predators zone.
13:41 of 3rd period - Snap shot by Nikita Kucherov.
13:41 of 3rd period - Goal by Nikita Kucherov - Nashville Predators : 2 - St.Louis Blues : 3.
13:42 of 3rd period - Jean-Gabriel Pageau wins face-off versus Alex Tuch in neutral zone.
14:08 of 3rd period - Brandon Tanev is hit by Ryan Graves and loses puck.
14:19 of 3rd period - Wrist shot by Yegor Chinakhov.
14:19 of 3rd period - Shot Misses the Net.
14:31 of 3rd period - Wrist shot by Brayden Point.
14:31 of 3rd period - Shot Blocked by Brandon Montour.
14:33 of 3rd period - Snap shot by Mark Stone.
14:33 of 3rd period - Goal by Mark Stone - Nashville Predators : 2 - St.Louis Blues : 4.
14:34 of 3rd period - Robert Thomas wins face-off versus Jean-Gabriel Pageau in neutral zone.
15:41 of 3rd period - Brandon Montour is hit by Nikita Kucherov and loses puck.
16:57 of 3rd period - Snap shot by Jack Eichel.
16:57 of 3rd period - Shot Misses the Net.
17:25 of 3rd period - Mikhail Sergachev is hit by Jack Roslovic.
17:57 of 3rd period - Snap shot by Vincent Trocheck.
17:57 of 3rd period - Stopped by Thatcher Demko without a rebound.
17:58 of 3rd period - Yegor Sharangovich wins face-off versus Vincent Trocheck in Nashville Predators zone.
18:05 of 3rd period - Slapshot by Jake Sanderson.
18:05 of 3rd period - Stopped by Thatcher Demko without a rebound.
18:06 of 3rd period - Vincent Trocheck wins face-off versus Marco Kasper in Nashville Predators zone.
18:19 of 3rd period - Wrist shot by Eetu Luostarinen.
18:19 of 3rd period - Shot Blocked by Colton Parayko.
18:21 of 3rd period - Snap shot by Marco Kasper.
18:21 of 3rd period - Deflect By Eetu Luostarinen.
18:21 of 3rd period - Stopped by Connor Hellebuyck without a rebound.
18:22 of 3rd period - Pius Suter wins face-off versus Robert Thomas in St.Louis Blues zone.
18:23 of 3rd period - Snap shot by Matthew Tkachuk.
18:23 of 3rd period - Deflect By John-Jason Peterka.
18:23 of 3rd period - Shot Misses the Net.
18:23 of 3rd period - Puck is out of play.
18:24 of 3rd period - Pius Suter wins face-off versus Robert Thomas in St.Louis Blues zone.
18:53 of 3rd period - Slapshot by Jack Roslovic.
18:53 of 3rd period - Stopped by Connor Hellebuyck with a rebound.
19:18 of 3rd period - Snap shot by Marco Kasper.
19:18 of 3rd period - Deflect By Nikita Kucherov.
19:18 of 3rd period - Stopped by Connor Hellebuyck with a rebound.
19:20 of 3rd period - Snap shot by Eetu Luostarinen.
19:20 of 3rd period - Stopped by Connor Hellebuyck with a rebound.
Goals for this period are 0 for Nashville Predators vs 2 for St.Louis Blues.
Shots for this period are 10 for Nashville Predators vs 15 for St.Louis Blues.
Back to the Top